 Dungeon Crawl Stone Soup version 0.21-a0-394-gdc75ea7 (webtiles) character file.

14419 grizmgrazm2 the Basher (level 11, -8/95 HPs)
             Began as a Purple Draconian Fighter on Oct 18, 2017.
             Was an Elder of Qazlal.
             Mangled by a white ugly thing (23 damage)
             ... on level 10 of the Dungeon.
             The game lasted 00:23:35 (9832 turns).

grizmgrazm2 the Basher (Purple Draconian Fighter)   Turns: 9832, Time: 00:23:37

Health: -8/95      AC: 10    Str: 25    XL:     11   Next: 88%
Magic:  0/17       EV: 23    Int:  8    God:    Qazlal [****..]
Gold:   616        SH: 17    Dex: 14    Spells: 10/10 levels left

rFire    . . .     SeeInvis +   o - +3 flail (venom)
rCold    . . .     Gourm    .   b - +0 shield
rNeg     + . .     Faith    .   (armour unavailable)
rPois    .         Spirit   +   A - +1 hat {SInv}
rElec    .         Reflect  .   C - scarf {Spirit}
rCorr    .         Harm     .   t - +0 pair of gloves {Dex+3}
MR       +....                  m - +0 pair of boots
Stlth    +.........             (no amulet)
HPRegen  0.25/turn              z - ring of Phasing {EV+8}
MPRegen  0.15/turn              p - ring "Qyecup Main" {+Fly rN+ Str+3}

@: very slightly contaminated, repel missiles
A: breathe power, unfitting armour, cold-blooded, AC +7
a: Breathe Dispelling Energy, Upheaval, Elemental Force, Renounce Religion,
Evoke Flight


You were on level 10 of the Dungeon.
You worshipped Qazlal.
Qazlal was greatly pleased with you.
You were not hungry.

You visited 1 branch of the dungeon, and saw 11 of its levels.

You collected 833 gold pieces.
You spent 217 gold pieces at shops.

Inventory:

Hand Weapons
 o - a +3 flail of venom (weapon)
Armour
 b - a +0 shield (worn)
 m - a +0 pair of boots (worn)
 t - a +0 pair of gloves of dexterity (worn)
 A - a +1 hat of see invisible (worn)
 C - a scarf of spirit shield (worn)
Jewellery
 j - an uncursed ring of flight
 p - the ring "Qyecup Main" (right hand) {+Fly rN+ Str+3}
   (You found it on level 4 of the Dungeon)

   [ring of flight]

   It affects your strength (+3).
   It protects you from negative energy.
   It lets you fly.
 s - a +3 ring of intelligence {unknown}
 y - an uncursed ring of resist corrosion
 z - the ring of Phasing (left hand) {EV+8}
   (You found it on level 7 of the Dungeon)

   [ring of evasion]

   It affects your evasion (+8).
 F - an uncursed ring of protection from cold {unknown}
 J - a cursed amulet of inaccuracy {unknown}
Wands
 n - a wand of paralysis (11/24)
 H - a wand of acid (8/15)
 I - a wand of random effects (34/48)
Scrolls
 e - a scroll of fear
 g - 5 scrolls of remove curse
 i - 2 scrolls of enchant armour {unknown}
 l - 3 scrolls of recharging
 r - 2 scrolls of identify
 u - a scroll of teleportation
 v - 2 scrolls of amnesia {unknown}
 x - 2 scrolls of torment {unknown}
 E - a scroll of enchant weapon
Potions
 h - 2 potions of flight
 k - 4 potions of magic
 w - a potion of heal wounds {unknown}
 B - 2 potions of berserk rage {unknown}
 G - a potion of degeneration {unknown}
 K - a potion of mutation {unknown}
Books
 a - a book of Minor Magic

   Spells                             Type                      Level
   a - Magic Dart                     Conjuration                  1
   b - Blink                          Translocation                2
   c - Call Imp                       Summoning                    2
   d - Slow                           Hexes                        2
   e - Conjure Flame                  Conjuration/Fire             3
   f - Mephitic Cloud                 Conjuration/Poison/Air       3
Comestibles
 d - 8 bread rations
 f - 2 royal jellies
 q - 3 meat rations
 D - 9 fruits


   Skills:
 + Level 8.5 Fighting
 + Level 11.8 Maces & Flails
 + Level 6.8 Dodging
 - Level 1.2 Stealth
 + Level 9.1 Shields
 * Level 9.0 Invocations


You had 10 spell levels left.
You didn't know any spells.

Dungeon Overview and Level Annotations

Branches:
Dungeon (11/15)            Temple (0/1) D:5             Orc (0/2) D:10
   Lair: D:8-11

Altars:
Ashenzari
Cheibriados
Dithmenos
Fedhas
Qazlal
Yredelemnul
The Shining One

Shops:
D:4 [


Innate Abilities, Weirdness & Mutations

You can breathe bolts of dispelling energy.
Your rich purple scales are hard. (AC +7)
You cannot fit into any form of body armour.
You are cold-blooded and may be slowed by cold attacks.


Message History

The white ugly thing looks as sick as possible!
The white ugly thing is lightly wounded.
You block the yak's attack. x2; The white ugly thing bites you.
The white ugly thing freezes you!!
You feel yourself slow down.
* * * LOW HITPOINT WARNING * * *
You are too injured to fight recklessly!
Blink to where?
Press: ? - help, Dir - move target cursor You are very lightly contaminated with residual magic.
As you read the scroll of blinking, it crumbles to dust.
The yak is engulfed in blazing flames.
You feel yourself speed up.
The white ugly thing is engulfed in freezing vapours.
You bludgeon the white ugly thing!!
The white ugly thing looks as sick as possible!
The white ugly thing is heavily wounded.
The white ugly thing bites you!
* * * LOW HITPOINT WARNING * * *
The white ugly thing freezes you!!
You die...

......###........########....##'#
).......#.#####..#......#........
........+.# #..#......#........
........#.#####..#......#........
........#........#......#........
........#........#...Y.§#........
....#####........#.§##Y##'#######
....#.......######..#..)........)
....#.....#.'..§@u..#.÷........))
>...#.......#.§.§.§.#.#####....).
....#.......#..§....#...........)
....'.......#.......#............
#####.......#########............
###########'########.......######
...................#.......#
...................#.##....#
...................#.##....#


You could see a white ugly thing and a yak.

Vanquished Creatures
  Gastronok (D:8)
  The ghost of Kwerbleburb the Basher, a journeyman MiBe of Trog (D:11)
  Harold (D:10)
  A hydra (D:11)
  A centaur warrior (D:7)
  A two-headed ogre (D:10)
  An unseen horror (D:11)
  A gargoyle (D:10)
  A komodo dragon (shapeshifter) (D:11)
  A slime creature (D:7)
  A hornet (D:10)
  Prince Ribbit (D:7)
  3 hippogriffs
  7 yaks
  2 wyverns
  3 hungry ghosts
  Grum (D:9)
  Menkaure (D:5)
  Edmund (D:5)
  2 floating eyes (D:11)
  3 porcupines
  4 sky beasts
  An orc warrior (D:7)
  An ice beast (D:5)
  A necrophage (D:9)
  4 wolves (D:9)
  2 centaurs
  6 ogres
  2 phantoms
  A crocodile (D:11)
  2 big kobolds
  4 bullfrogs
  4 scorpions
  4 wights (D:9)
  5 howler monkeys
  3 centaur zombies
  9 crimson imps
  A bullfrog zombie (D:8)
  5 orc priests
  7 hounds
  A gnoll shaman (D:7)
  A centaur skeleton (D:8)
  A bullfrog skeleton (D:8)
  4 iguanas
  6 worker ants
  18 orc wizards
  Terence (D:2)
  3 hound skeletons
  A mummy (D:9)
  10 adders
  3 gnolls (D:8)
  A howler monkey skeleton (D:5)
  4 shadow imps
  2 oozes
  A worm (D:3)
  A dart slug (D:2)
  5 leopard geckos
  24 orcs
  5 bats
  5 giant cockroaches
  3 goblins
  2 hobgoblins (D:3)
  8 jackals
  5 quokkas
  5 frilled lizards
  15 kobolds
  3 quokka skeletons
  A quokka zombie (D:5)
  3 rats
243 creatures vanquished.

Vanquished Creatures (others)
  2 fungi (D:11)
  A plant (D:11)
3 creatures vanquished.

Grand Total: 246 creatures vanquished

Notes
Turn   | Place    | Note
-------+----------+-------------------------------------------
     0 | D:1      | grizmgrazm2 the Draconian Fighter began the quest for the Orb.
     0 | D:1      | Reached XP level 1. HP: 19/19 MP: 1/1
   293 | D:1      | Reached XP level 2. HP: 23/27 MP: 2/2
  1279 | D:2      | Noticed Terence
  1294 | D:2      | Killed Terence
  1294 | D:2      | Reached XP level 3. HP: 15/33 MP: 3/3
  1774 | D:2      | Found a stormy altar of Qazlal.
  1841 | D:2      | Became a worshipper of Qazlal Stormbringer
  2004 | D:3      | Noticed an ogre
  2010 | D:3      | Killed an ogre
  2010 | D:3      | Reached skill level 3 in Maces & Flails
  2010 | D:3      | Reached XP level 4. HP: 29/40 MP: 4/4
  2010 | D:3      | Reached XP level 5. HP: 33/46 MP: 5/5
  2078 | D:3      | Reached skill level 1 in Stealth
  2194 | D:3      | Found a glowing golden altar of the Shining One.
  2987 | D:3      | HP: 2/46 [orc wizard/magic dart (2)]
  2988 | D:3      | Reached skill level 4 in Maces & Flails
  3287 | D:3      | Reached XP level 6. HP: 38/53 MP: 6/6
  3577 | D:4      | Got a crude tin ring
  3578 | D:4      | Identified the ring "Qyecup Main" {+Fly rN+ Str+3} (You found it on level 4 of the Dungeon)
  3779 | D:4      | Found Pepoke's Antique Armour Shoppe.
  3785 | D:4      | Bought a pair of embroidered gloves for 217 gold pieces
  3902 | D:4      | Found a shattered altar of Ashenzari.
  3976 | D:5      | Entered Level 5 of the Dungeon
  4031 | D:5      | Reached skill level 1 in Invocations
  4061 | D:5      | Reached * piety under Qazlal
  4068 | D:5      | Reached skill level 5 in Maces & Flails
  4127 | D:5      | Your scales start taking on a rich purple colour.
  4127 | D:5      | Reached XP level 7. HP: 26/60 MP: 6/8
  4415 | D:5      | Found Riost's Antique Weapon Boutique.
  4461 | D:5      | Noticed Edmund
  4467 | D:5      | Noticed Menkaure
  4472 | D:5      | Killed Edmund
  4472 | D:5      | Reached skill level 5 in Fighting
  4472 | D:5      | Reached skill level 6 in Maces & Flails
  4652 | D:5      | Killed Menkaure
  4652 | D:5      | Reached XP level 8. HP: 9/68 MP: 10/10
  5049 | D:5      | Found a staircase to the Ecumenical Temple.
  5499 | D:6      | Reached skill level 7 in Maces & Flails
  5760 | D:6      | Found a shadowy altar of Dithmenos.
  5793 | D:6      | Found a basalt altar of Yredelemnul.
  5969 | D:7      | Reached skill level 5 in Shields
  5980 | D:7      | Noticed Prince Ribbit
  5990 | D:7      | Killed Prince Ribbit
  6148 | D:7      | Reached XP level 9. HP: 67/75 MP: 12/12
  6151 | D:7      | Reached skill level 8 in Maces & Flails
  6155 | D:7      | Reached ** piety under Qazlal
  6185 | D:7      | Noticed a centaur warrior
  6186 | D:7      | Found the ring of Phasing {EV+8}
  6201 | D:7      | Reached skill level 5 in Invocations
  6221 | D:7      | HP: 3/75 [centaur warrior (3)]
  6222 | D:7      | Killed a centaur warrior
  6222 | D:7      | Reached skill level 9 in Maces & Flails
  6222 | D:7      | Reached skill level 5 in Dodging
  6909 | D:8      | Noticed Gastronok
  6927 | D:8      | Killed Gastronok
  6927 | D:8      | Reached skill level 10 in Maces & Flails
  6927 | D:8      | Reached XP level 10. HP: 65/86 MP: 13/15
  7069 | D:8      | Reached *** piety under Qazlal
  7104 | D:8      | Noticed a gargoyle
  7104 | D:8      | Noticed a red ugly thing
  7104 | D:8      | Noticed a two-headed ogre
  7105 | D:8      | Noticed an eight-headed hydra
  7113 | D:8      | Noticed a centaur warrior
  7114 | D:8      | Noticed a centaur warrior
  7574 | D:9      | Noticed Grum
  7593 | D:9      | Killed Grum
  7927 | D:9      | Found a snail-covered altar of Cheibriados.
  8042 | D:9      | Found a blossoming altar of Fedhas.
  8102 | D:10     | Entered Level 10 of the Dungeon
  8138 | D:10     | Reached **** piety under Qazlal
  8191 | D:10     | Reached XP level 11. HP: 92/92 MP: 16/16
  8195 | D:10     | Noticed a two-headed ogre
  8202 | D:10     | Killed a two-headed ogre
  8214 | D:10     | Found a staircase to the Orcish Mines.
  8243 | D:10     | Reached skill level 11 in Maces & Flails
  8353 | D:10     | Noticed Harold
  8372 | D:10     | Killed Harold
  8929 | D:11     | Noticed an unseen horror
  8931 | D:11     | Noticed a five-headed hydra
  8940 | D:11     | Killed an unseen horror
  8947 | D:11     | Killed a five-headed hydra
  8968 | D:11     | Noticed Kwerbleburb's ghost (journeyman MiBe)
  9288 | D:11     | Killed Kwerbleburb's ghost
  9549 | D:11     | Noticed a red ugly thing
  9552 | D:11     | Noticed a cyan ugly thing
  9581 | D:10     | Reached ***** piety under Qazlal
  9832 | D:10     | Mangled by a white ugly thing

Vault maps used:
D:1:      kennysheep_arrival_seaside
D:2:      nicolae_qazlal_eye_of_the_storm, first_bread, uniq_terence
D:3:      tso_altar, bh_walls_and_bars
D:4:      ashenzari_conservatory_becter, serial_shops, shop_statue
D:5:      minmay_temple_entry_grid, serial_shops, shop, uniq_edmund,
          uniq_menkaure
D:6:      kennysheep_mini_moat, grunt_dithmenos_smoke_and_mirrors
D:7:      minmay_the_grid_plus_closed, grunt_ogre_cave, uniq_prince_ribbit1
D:8:      serial_park_tiny_1, minivault_12, uniq_gastronok
D:9:      kennysheep_little_box, kennysheep_path_1, minmay_misc_feat_cross,
          grunt_ministairs_8, chei_slow_surprise, uniq_grum
D:10:     orc_0_dummy, uniq_harold
D:11:     minmay_lair_entry_grove, portal_ice_cave_entry_ice_beasts,
          minmay_crystal_room, onia_ninara_cookie

Skill      XL: |  1  2  3  4  5  6  7  8  9 10 11 |
---------------+----------------------------------+-----
Dodging        | 3 4 5 6 |  6.8
Fighting       | 4 5 7 8 |  8.5
Maces & Flails | 3 4 5 6 7 10 11 | 11.8
Stealth        | 1 |  1.2
Shields        | 4 5 6 7 9 |  9.1
Invocations    | 1 3 4 6 7 9 |  9.0

Action                   |  1- 3 |  4- 6 |  7- 9 | 10-12 || total
-------------------------+-------+-------+-------+-------++-------
Melee: Flail             |    74 |   100 |   211 |   402 ||   787
       Tailslap          |     7 |    10 |    41 |    75 ||   133
  Use: Scroll            |     1 |     9 |     5 |     1 ||    16
       Potion            |       |       |     3 |     3 ||     6
 Stab: Sleeping          |       |     1 |       |       ||     1
  Eat: Chunk             |     2 |     3 |     5 |     5 ||    15
       Bread ration      |       |     1 |     2 |     1 ||     4
Armor: Skin              |    22 |    28 |    24 |    39 ||   113
Dodge: Dodged            |    40 |    34 |    68 |   179 ||   321
       Deflected         |       |       |       |     2 ||     2
Block: Shield            |    40 |    35 |    99 |   291 ||   465

Table legend:
 A = Spawn XP
 B = Non-spawn XP
 C = Spawn XP percentage of total XP
 D = Spawn monster count
 E = Non-spawn monster count
 F = Spawn count percentage of total count
 G = Total turns spent on level
                    A         B        C        D         E        F      G
               +---------+---------+-------+---------+---------+-------+---------
         Total |       0 |   20599 |   0.0 |       0 |     243 |   0.0 |  9832
               +---------+---------+-------+---------+---------+-------+---------
           D:1 |       0 |      28 |   0.0 |       0 |      13 |   0.0 |  1056
           D:2 |       0 |      57 |   0.0 |       0 |       7 |   0.0 |   913
           D:3 |       0 |     335 |   0.0 |       0 |      21 |   0.0 |  1078
           D:4 |       0 |     123 |   0.0 |       0 |       7 |   0.0 |  1073
           D:5 |       0 |    1045 |   0.0 |       0 |      24 |   0.0 |  1224
           D:6 |       0 |     384 |   0.0 |       0 |       8 |   0.0 |   553
           D:7 |       0 |    3113 |   0.0 |       0 |      38 |   0.0 |   999
           D:8 |       0 |    3470 |   0.0 |       0 |      36 |   0.0 |   622
           D:9 |       0 |    1995 |   0.0 |       0 |      25 |   0.0 |   584
          D:10 |       0 |    5451 |   0.0 |       0 |      44 |   0.0 |  1558
          D:11 |       0 |    4598 |   0.0 |       0 |      20 |   0.0 |   172
               +---------+---------+-------+---------+---------+-------+---------
